 Dungeon Crawl Stone Soup version 0.21-a0-273-g0785366 (webtiles) character file.

4789 4thArraOfDagon the Cleaver (level 10, -1/129 HPs)
             Began as a Minotaur Wizard on Sept 16, 2017.
             Was a Priest of Sif Muna.
             Slain by a river rat (2 damage)
             ... on level 9 of the Dungeon.
             The game lasted 00:22:02 (4512 turns).

4thArraOfDagon the Cleaver (Minotaur Wizard)        Turns: 4512, Time: 00:22:03

Health: -1/129     AC:  9    Str: 16    XL:     10   Next: 24%
Magic:  14/14      EV: 13    Int: 24    God:    Sif Muna [***...]
Gold:   342        SH:  0    Dex: 10    Spells: 11/13 levels left

rFire    . . .     SeeInvis .   i - +3 hand axe (elec)
rCold    . . .     Gourm    .   (no shield)
rNeg     . . .     Faith    .   q - +1 ring mail of Birdsong {Int+6} (curse)
rPois    .         Spirit   .   b - +0 hat
rElec    .         Reflect  .   (no cloak)
rCorr    .         Harm     .   k - +1 pair of gloves
MR       .....                  (no boots)
Stlth    ..........             f - amulet of rage
HPRegen  0.31/turn              e - ring of flight
MPRegen  0.14/turn              (no ring)

@: berserking (expiring), divine energy, very quick
A: retaliatory headbutt, horns 2
a: Stop Divine Energy, Channel Magic, Renounce Religion, Evoke Berserk Rage,
Evoke Flight


You were on level 9 of the Dungeon.
You worshipped Sif Muna.
Sif Muna was most pleased with you.
You were hungry.

You visited 1 branch of the dungeon, and saw 9 of its levels.
You also visited: Sewer and Ossuary.

You collected 642 gold pieces.
You spent 300 gold pieces at shops.

Inventory:

Hand Weapons
 g - a +4 battleaxe
 i - a +3 hand axe of electrocution (weapon)
 t - a +7 battleaxe
 K - a +0 giant club
Missiles
 O - 8 curare-tipped needles
Armour
 b - a +0 hat (worn)
 k - a +1 pair of gloves (worn)
 n - a +0 chain mail
 q - the cursed +1 ring mail of Birdsong (worn) {Int+6}
   (You found it on level 7 of the Dungeon)

   It affects your intelligence (+6).
   It has a curse placed upon it.
 r - a +0 ring mail
 F - a +0 plate armour
Magical Staves
 v - an uncursed staff of air
Jewellery
 e - a ring of flight (left hand)
 f - an amulet of rage (around neck)
 o - an uncursed ring of ice
Wands
 a - a wand of disintegration (22/24)
 I - a wand of acid (10/15)
 P - a wand of polymorph (5/24)
Scrolls
 h - 2 scrolls of noise
 p - 4 scrolls of teleportation
 s - a scroll of immolation
 u - 2 scrolls of enchant weapon
 y - a scroll of amnesia
 E - 2 scrolls of enchant armour
 G - 4 scrolls of remove curse
 L - a scroll of fog {unknown}
 M - a scroll of torment {unknown}
 N - 3 scrolls of fear {unknown}
Potions
 l - 3 potions of mutation
 w - 4 potions of magic
 x - 2 potions of ambrosia
 z - 4 potions of heal wounds
 A - a potion of might {unknown}
 B - 3 potions of curing
 C - 2 potions of invisibility {unknown}
 D - 2 potions of lignification
 H - 2 potions of haste
 J - a potion of berserk rage {unknown}
Books
 c - a book of Minor Magic

   Spells                             Type                      Level
   a - Magic Dart                     Conjuration                  1
   b - Blink                          Translocation                2
   c - Call Imp                       Summoning                    2
   d - Slow                           Hexes                        2
   e - Conjure Flame                  Conjuration/Fire             3
   f - Mephitic Cloud                 Conjuration/Poison/Air       3
Comestibles
 d - 2 bread rations
 j - 5 meat rations
 m - 3 royal jellies
 Q - 4 chunks of flesh


   Skills:
 + Level 7.2 Fighting
 * Level 9.5 Axes
 - Level 5.6 Armour
 + Level 6.1 Dodging
 - Level 1.5 Stealth
 - Level 2.1 Spellcasting
   Level 0.6 Conjurations
   Level 0.6 Summonings
 - Level 0.6 Translocations
 * Level 7.7 Invocations
 - Level 3.0 Evocations


You had 11 spell levels left.
You knew the following spells:

 Your Spells              Type           Power        Failure   Level  Hunger
b - Blink                 Tloc           N/A          26%         2    ##.....


Dungeon Overview and Level Annotations

Branches:
Dungeon (9/15)             Temple (0/1) D:5            Lair (0/6) D:9
    Orc: D:9-12

Altars:
Ashenzari
Fedhas
Gozag
Makhleb
Qazlal
Sif Muna
Trog
Vehumet
Yredelemnul
Zin
The Shining One

Shops:
D:7 !


Innate Abilities, Weirdness & Mutations

You reflexively headbutt those who attack you in melee.
You have a pair of horns on your head.


Message History

You hit the death yak.
The death yak is moderately wounded.
The death yak gores you!!
* * * LOW HITPOINT WARNING * * *
You barely miss the death yak. You headbutt the death yak.
The death yak is moderately wounded.
A phantom opens the door.
The death yak gores you!
* * * LOW HITPOINT WARNING * * *
Unknown command.
You hit the death yak.
The death yak is heavily wounded.
You hit the river rat.
Unknown command.
You hit the death yak.
Lightning courses through the death yak!
The death yak is severely wounded.
You hit the river rat. The death yak gores you.
* * * LOW HITPOINT WARNING * * *
The river rat bites you.
You die...

..# #. #.# ).# #. #.# ..#
######'#### .## ###+########
#.........# #
.r######..........###.........###
..r.r.##........≈≈.≈(.........#.'
..###.##.......#≈≈.≈..÷.......#.#
..# #.##.......r≈≈_≈≈.........#.#
### #..'......WY@≈≈≈≈.........'.#
####.<.....#.≈.≈..........###
##############.........#
###########


You could see a death yak, a phantom and a river rat.

Vanquished Creatures
  A two-headed ogre (D:8)
  3 hippogriffs
  A hungry ghost (D:9)
  A water moccasin (D:7)
  A porcupine (D:9)
  An ice beast (D:8)
  2 orc warriors
  3 sky beasts
  2 black bears (D:6)
  2 phantoms
  6 ogres
  A centaur (D:6)
  A crocodile (D:8)
  3 bullfrogs
  A scorpion (D:9)
  5 wights (D:7)
  A bullfrog zombie (D:7)
  4 crimson imps
  A centaur zombie (D:6)
  4 hounds
  A jelly (D:6)
  4 orc priests
  4 iguanas
  5 orc wizards
  3 worker ants
  A hound zombie (D:6)
  8 mummies (Ossuary)
  A worker ant zombie (D:6)
  12 adders
  7 oozes (Sewer)
  An adder skeleton (D:7)
  4 worms
  5 dart slugs
  13 leopard geckos
  35 orcs
  7 ball pythons
  9 bats
  17 giant cockroaches
  3 goblins
  9 hobgoblins
  11 jackals
  5 kobolds
  9 quokkas
  17 frilled lizards
  3 hobgoblin zombies (Ossuary)
  2 kobold zombies (Ossuary)
  3 orc zombies (Ossuary)
  8 rats
251 creatures vanquished.

Notes
Turn   | Place    | Note
-------+----------+-------------------------------------------
     0 | D:1      | 4thArraOfDagon the Minotaur Wizard began the quest for the Orb.
     0 | D:1      | Reached XP level 1. HP: 14/14 MP: 2/2
    34 | D:1      | Reached skill level 1 in Fighting
   153 | D:1      | Reached XP level 2. HP: 13/23 MP: 4/4
   191 | D:1      | Reached skill level 1 in Axes
   205 | D:1      | Reached skill level 1 in Evocations
   246 | D:1      | Reached XP level 3. HP: 21/29 MP: 5/5
   285 | D:2      | Learned a level 2 spell: Blink
   458 | D:2      | Reached skill level 2 in Axes
   458 | D:2      | Reached XP level 4. HP: 35/37 MP: 6/6
   526 | D:2      | Found a shattered altar of Ashenzari.
   578 | D:2      | Found a radiant altar of Vehumet.
   578 | D:2      | Found a faded altar of an unknown god.
   585 | D:2      | Found a faded altar of an unknown god.
   588 | D:2      | Became a worshipper of Sif Muna the Loreminder
   588 | D:2      | Reached * piety under Sif Muna
   797 | D:3      | Found a faded altar of an unknown god.
   837 | D:3      | Reached skill level 1 in Invocations
   841 | D:3      | Reached XP level 5. HP: 24/44 MP: 7/7
   888 | D:3      | Found a burning altar of Makhleb.
   890 | D:3      | Reached skill level 3 in Axes
   973 | D:3      | Found a glowing drain.
   979 | D:3      | Reached skill level 1 in Armour
   999 | Sewer    | Entered a sewer
  1207 | Sewer    | Reached XP level 6. HP: 40/51 MP: 8/8
  1234 | Sewer    | Reached ** piety under Sif Muna
  1307 | Sewer    | Reached skill level 4 in Axes
  1469 | D:4      | Noticed an orc warrior
  1486 | D:4      | Reached XP level 7. HP: 44/58 MP: 9/9
  1891 | D:5      | Entered Level 5 of the Dungeon
  1891 | D:5      | Found a staircase to the Ecumenical Temple.
  1904 | D:5      | Reached skill level 5 in Axes
  2082 | D:5      | Reached XP level 8. HP: 67/67 MP: 10/10
  2148 | D:5      | Found a glowing silver altar of Zin.
  2179 | D:5      | Found a sand-covered staircase.
  2184 | Ossuary  | Entered an ossuary
  2442 | D:5      | Reached skill level 5 in Fighting
  2450 | D:5      | Found an opulent altar of Gozag.
  2454 | D:5      | Reached skill level 6 in Axes
  2549 | D:5      | DWF
  2645 | D:6      | Reached skill level 5 in Invocations
  2896 | D:6      | Reached skill level 7 in Axes
  2896 | D:6      | Reached XP level 9. HP: 49/74 MP: 12/12
  2930 | D:6      | Found a deep blue altar of Sif Muna.
  3319 | D:7      | Found a bloodstained altar of Trog.
  3333 | D:7      | Got a crude ring mail
  3360 | D:7      | Identified the cursed +1 ring mail of Birdsong {Int+6} (You found it on level 7 of the Dungeon)
  3400 | D:7      | Reached skill level 5 in Dodging
  3511 | D:7      | Found Ruydoep's Distillery.
  3519 | D:7      | Reached skill level 8 in Axes
  3539 | D:7      | Bought a potion of heal wounds for 60 gold pieces
  3539 | D:7      | Bought a potion of haste for 120 gold pieces
  3539 | D:7      | Bought a potion of heal wounds for 60 gold pieces
  3539 | D:7      | Bought a potion of heal wounds for 60 gold pieces
  3598 | D:7      | Reached skill level 5 in Armour
  3737 | D:8      | Noticed a two-headed ogre
  3745 | D:8      | Killed a two-headed ogre
  3785 | D:8      | Reached *** piety under Sif Muna
  3927 | D:8      | Reached skill level 9 in Axes
  3927 | D:8      | Reached XP level 10. HP: 35/86 MP: 14/14
  4087 | D:8      | Found a basalt altar of Yredelemnul.
  4089 | D:8      | Noticed a profane servitor
  4094 | D:8      | Found a glowing golden altar of the Shining One.
  4096 | D:8      | Noticed an angel
  4151 | D:9      | Found a blossoming altar of Fedhas.
  4204 | D:9      | Found a stormy altar of Qazlal.
  4478 | D:9      | Noticed a death yak
  4479 | D:9      | Found a staircase to the Lair.
  4480 | D:9      | Noticed a death yak
  4510 | D:9      | HP: 6/129 [death yak (11)]
  4512 | D:9      | HP: 1/129 [death yak (5)]
  4512 | D:9      | Slain by a river rat

Vault maps used:
D:1:      nzn_arrival_depleted_hourglass
D:2:      overflow_temple_1_default, ashenzari_conservatory_becter,
          chequers_temple_overflow_minitemple
D:3:      chequers_ecumenical_altar_simple_redux, first_bread,
          gup_sewer_entry_glass, makhleb_blood_cavern_becter
D:4:      nicolae_dithmenos_through_a_glass_darkly, uniq_blork_the_orc
D:5:      old_standard_altar, nicolae_gozag_seed_capital, temple_statues,
          enter_ossuary_5, lemuel_another_geyser
D:6:      serial_column_ruins, column_ruins_courtyard_long,
          column_ruins_temple_hut, column_ruins_grid_1,
          column_ruins_open_small_water, column_ruins_open_large,
          column_ruins_grid_3
D:7:      kennysheep_mini, serial_shops, shop
D:8:      grunt_temple_overflow_holy_war
D:9:      fedhas_altar_2, nicolae_qazlal_general_emergency, dpeg_lair_monsters,
          serial_shops, shop, uniq_joseph
Sewer:    sewer_frog_island_02
Ossuary:  ossuary_tomb_3

Skill      XL: |  1  2  3  4  5  6  7  8  9 10 |
---------------+-------------------------------+-----
Fighting       | 1 2 3 4 5 7 |  7.2
Axes           | 1 2 3 4 5 7 9 |  9.5
Evocations     | 1 2 3 |  3.0
Invocations    | 1 2 3 4 5 7 |  7.7
Armour         | 1 2 4 5 |  5.6
Dodging        | 3 4 5 6 |  6.1
Stealth        | |  1.5
Spellcasting   | |  2.1
Conjurations   | |  0.6
Summonings     | |  0.6
Translocations | |  0.6

Action                   |  1- 3 |  4- 6 |  7- 9 | 10-12 || total
-------------------------+-------+-------+-------+-------++-------
Melee: Unarmed           |    13 |       |       |       ||    13
       Hand axe          |    77 |   170 |   314 |    76 ||   637
       Headbutt          |     8 |    17 |    30 |    11 ||    66
 Cast: Magic Dart        |     2 |       |       |       ||     2
Invok: Divine Energy     |       |     1 |       |       ||     1
 Abil: Evoke Berserk Rag |     1 |       |    10 |     3 ||    14
       Evoke Flight      |       |       |     1 |       ||     1
  Use: Scroll            |       |     6 |    11 |       ||    17
       Potion            |       |       |     2 |       ||     2
  Eat: Chunk             |       |     3 |    10 |     7 ||    20
       Fruit             |       |     2 |     4 |       ||     6
       Royal jelly       |       |       |     2 |       ||     2
Armor: Ring mail         |    41 |    37 |   106 |    34 ||   218
       Robe              |     1 |       |       |       ||     1
       Chain mail        |       |    71 |       |       ||    71
Dodge: Dodged            |    78 |    79 |   158 |    40 ||   355

Table legend:
 A = Spawn XP
 B = Non-spawn XP
 C = Spawn XP percentage of total XP
 D = Spawn monster count
 E = Non-spawn monster count
 F = Spawn count percentage of total count
 G = Total turns spent on level
                    A         B        C        D         E        F      G
               +---------+---------+-------+---------+---------+-------+---------
         Total |       0 |    6842 |   0.0 |       0 |     251 |   0.0 |  4512
               +---------+---------+-------+---------+---------+-------+---------
           D:1 |       0 |      44 |   0.0 |       0 |      21 |   0.0 |   308
           D:2 |       0 |     119 |   0.0 |       0 |      34 |   0.0 |   443
           D:3 |       0 |     143 |   0.0 |       0 |      20 |   0.0 |   485
           D:4 |       0 |     422 |   0.0 |       0 |      20 |   0.0 |   450
           D:5 |       0 |     804 |   0.0 |       0 |      15 |   0.0 |   516
           D:6 |       0 |    1032 |   0.0 |       0 |      29 |   0.0 |   468
           D:7 |       0 |    1274 |   0.0 |       0 |      28 |   0.0 |   506
           D:8 |       0 |    1352 |   0.0 |       0 |      14 |   0.0 |   461
           D:9 |       0 |    1193 |   0.0 |       0 |      12 |   0.0 |   363
         Sewer |       0 |     303 |   0.0 |       0 |      42 |   0.0 |   332
       Ossuary |       0 |     156 |   0.0 |       0 |      16 |   0.0 |   180
               +---------+---------+-------+---------+---------+-------+---------
